 Dungeon Sprint DCSS version 0.19.1 (webtiles) character file.

443 Kikal the Grappler (level 6, -1/108 HPs)
             Began as a Troll Chaos Knight on Dec 2, 2016.
             Succumbed to Sonja's poison
             ... in the Dungeon (Sprint I: "Red Sonja").
             The game lasted 00:02:25 (223 turns).

Kikal the Grappler (Troll Chaos Knight)              Turns: 223, Time: 00:02:26

Health: -1/108     AC:  7    Str: 27    XL:     6   Next: 71%
Magic:  5/5        EV: 11    Int:  8    God:    Xom [..*...]
Gold:   297        SH:  0    Dex: 10    Spells: 0 memorised, 5 levels left

rFire  . . .     SeeInvis .       - Unarmed
rCold  . . .     Gourm    +     a - +2 robe
rNeg   . . .     Faith    .     (no shield)
rPois  .         Spirit   .     (helmet restricted)
rElec  .         Reflect  .     (no cloak)
rCorr  .         Harm     .     (gloves unavailable)
MR     .....     NoTele   +     (boots unavailable)
Stlth  ..........               (no amulet)
                                (no ring)
                                (no ring)

@: berserking (expiring), lethally poisoned (-1 -> -130), slowed
A: unfitting armour, claws 3, fast metabolism 3, gourmand, regeneration 1,
shaggy fur 1, tough skin 2
a: Renounce Religion


You were in the Dungeon.
You worshipped Xom.
You were a toy of Xom.
You were not hungry.

You visited 1 branch You collected 297 gold pieces.

Inventory:

Armour
 a - a +2 robe (worn)
Wands
 i - a wand of flame (25/48)
Scrolls
 h - a scroll of blinking
Potions
 d - a potion of heal wounds
 e - a potion of haste
 f - 2 potions of magic
Comestibles
 b - 2 bread rations
 j - a meat ration


   Skills:
 - Level 7.8 Fighting
 + Level 4.1 Armour
 + Level 4.3 Dodging
 - Level 9.6 Unarmed Combat


You had 5 spell levels left.
You didn't know any spells.

Dungeon Overview and Level Annotations

Branches:
Dungeon (1/1)

Altars:
Cheibriados
Dithmenos
Elyvilon
Fedhas
Gozag
Hepliaklqana
Kikubaaqudgha
Nemelex Xobeh
Okawaru
Qazlal
Ru
Sif Muna
Trog
Uskayaw
Vehumet
Yredelemnul
Zin
The Shining One

Shops:
D (

Annotations:
D Sonja


Innate Abilities, Weirdness & Mutations

You are too large for most types of armour.
You have claws for hands.
Your metabolism is lightning-fast.
You like to eat raw meat.
Your natural rate of healing is unusually fast.
You are covered in fur. (AC +1)
You have very tough skin. (AC +2)


Message History

Sonja is severely wounded.
* * * LOW HITPOINT WARNING * * *
You feel extremely sick. Sonja hits you but does no damage. x2
You are more poisoned.
Sonja hits you but does no damage.
You are more poisoned.
You take 8 damage, and have 15/108 hp.
You are too berserk!
You closely miss Sonja.
Sonja is severely wounded.
* * * LOW HITPOINT WARNING * * *
You feel extremely sick.
Sonja closely misses you. x2; Sonja hits you but does no damage.
You are more poisoned.
You take 7 damage, and have 8/108 hp.
You closely miss Sonja.
Sonja is severely wounded.
You die...
Xom titters!

#..').#..'..#..+, ,*
#..#####'#####'#_ * ,
#..####..#...#(####§§
#..#__####..##.#≈§§§c*
#..#_____##'#..+§§§ ,
#⌠⌠#_.∩...'.(._#§§§§ ,
####_..__##_(#'##+##*
#_____###'#[# , **
#######*#@### ** * ,
,+$K$+ +, ***#$.$#* *
** * , *##.## * #+#


You could see Sonja.

Vanquished Creatures
  Sigmund (D)
  A yak (D)
  An ogre (D)
  A jelly (D)
  Ijyb (D)
5 creatures vanquished.

Notes
Turn   | Place    | Note
-------+----------+-------------------------------------------
     0 | D        | Kikal the Troll Chaos Knight began the quest for the Orb.
     0 | D        | Reached XP level 1. HP: 22/22 MP: 0/0
     2 | D        | Noticed Ijyb
     4 | D        | XOM: potion effect (berserk rage)
     8 | D        | Killed Ijyb
     8 | D        | Reached skill level 5 in Unarmed Combat
     8 | D        | Reached XP level 2. HP: 32/32 MP: 1/1
    49 | D        | Noticed an ogre
    54 | D        | Killed an ogre
    54 | D        | Reached skill level 7 in Unarmed Combat
    54 | D        | Reached XP level 3. HP: 26/44 MP: 2/2
    54 | D        | Reached XP level 4. HP: 31/52 MP: 3/3
   101 | D        | Noticed Sigmund
   112 | D        | Killed Sigmund
   112 | D        | Reached skill level 9 in Unarmed Combat
   112 | D        | Reached XP level 5. HP: 52/63 MP: 4/4
   112 | D        | Reached XP level 6. HP: 60/72 MP: 5/5
   142 | D        | Found a deep blue altar of Sif Muna.
   144 | D        | Found a radiant altar of Vehumet.
   145 | D        | XOM: divination: magic mapping
   147 | D        | Reached skill level 1 in Armour
   158 | D        | Found Coemochu's Antique Weapon Emporium.
   158 | D        | Found an ancient bone altar of Kikubaaqudgha.
   158 | D        | Found a hazy altar of Hepliaklqana.
   158 | D        | Found a stormy altar of Qazlal.
   158 | D        | Found a hide-covered altar of Uskayaw.
   158 | D        | Found a blossoming altar of Fedhas.
   158 | D        | Found a bloodstained altar of Trog.
   158 | D        | Found an iron altar of Okawaru.
   158 | D        | Found a basalt altar of Yredelemnul.
   158 | D        | Found a glowing golden altar of the Shining One.
   158 | D        | Found a snail-covered altar of Cheibriados.
   158 | D        | Found a sacrificial altar of Ru.
   158 | D        | Found a glowing silver altar of Zin.
   158 | D        | Found a shadowy altar of Dithmenos.
   158 | D        | Found a white marble altar of Elyvilon.
   158 | D        | Noticed a yak
   159 | D        | Found an opulent altar of Gozag.
   166 | D        | Killed a yak
   167 | D        | Found a sparkling altar of Nemelex Xobeh.
   204 | D        | Noticed a centaur warrior
   212 | D        | Noticed Sonja
   223 | D        | Succumbed to Sonja's poison

Skill      XL: |  1  2  3  4  5  6 |
---------------+-------------------+-----
Fighting       | 4 6 7 |  7.8
Unarmed Combat | 5 7 9 |  9.6
Armour         | 4 |  4.1
Dodging        | 4 |  4.3

Action                   |  1- 3 |  4- 6 || total
-------------------------+-------+-------++-------
Melee: Unarmed           |     9 |    25 ||    34
       Punch             |     1 |     2 ||     3
  Use: Potion            |       |     2 ||     2
  Eat: Chunk             |     1 |       ||     1
Armor: Robe              |     1 |    15 ||    16
Dodge: Dodged            |     1 |    19 ||    20
